Map: Carnage sur Korhal EC

Players

zidar - Winner!

  • Race: Zerg Zerg
  • League: Silver
  • Spawn Location: 9:00

Marc

  • Race: Protoss Protoss
  • League: Bronze
  • Spawn Location: 12:00

VOD

Have the link to the VOD?

Description

Time

  • Played on: May 13, 2016, 9:35 a.m.
  • Length: 15:35
Show
View Real Time Build Order
Export as new Build Order

zidar Zerg - Winner!

Build Orders: Pool First 

Get SALT Encoding   

  12  0:01  Drone  
  13  0:12  Overlord  
  13  0:17  Drone  
  14  0:30  Drone x2  
  14  0:34  Drone  
  17  0:47  Spawning Pool  
  17  0:49  Drone  
  17  1:13  Hatchery  
  17  1:15  Drone  
  17  1:18  Extractor  
  16  1:20  Drone  
  17  1:33  Queen  
  17  1:36  Drone  
  20  1:43  Overlord  
  20  2:05  Drone  
  20  2:07  Overlord  
  21  2:09  Queen  
  21  2:11  Drone  
  24  2:24  Drone  
  25  2:50  Roach Warren  
  24  2:52  Extractor  
  23  3:04  Zergling x10  
  23  3:05  Zergling x6  
  31  3:08  Metabolic Boost  
  31  3:19  Drone x2  
  33  3:36  Spore Crawler  
  33  3:40  Spore Crawler  
  31  3:42  Drone x5  
  35  4:09  Overlord x3  
  34  4:33  Lair  
  34  4:35  Drone x4  
  34  4:36  Drone x2  
  40  4:56  Roach x5  
  50  5:07  Extractor  
  50  5:09  Extractor  
  48  5:24  Hatchery  
  48  5:28  Drone x5  
  47  6:00  Hydralisk Den  
  46  6:09  Drone x13  
  59  6:16  Overlord  
  59  6:19  Overseer  
  59  6:38  Lurker Den  
  59  6:45  Hydralisk  
  59  6:46  Hydralisk x3  
  67  6:48  Evolution Chamber, Hydralisk  
  68  6:55  Overlord  
  68  6:57  Drone x5  
  70  7:31  Evolution Chamber  
  70  7:34  Drone x3  
  70  7:35  Drone x2  
  74  7:39  Zerg Missile Weapons Level 1  
  74  7:41  Hydralisk x3  
  80  7:45  Overlord x5  
  80  7:46  Overlord  
  80  8:01  Overlord  
  80  8:03  Queen  
  82  8:13  Zerg Ground Armor Level 1  
  82  8:27  Hatchery  
  81  8:42  Hydralisk x5  
  81  8:43  Hydralisk x4  
  81  8:44  Roach x3  
  86  9:28  Hydralisk x2  
  86  9:29  Hydralisk x10  
  86  10:17  Hydralisk x8  
  86  10:18  Roach  
  96  10:23  Overseer  
  96  10:24  Overseer  
  96  10:26  Overseer  
  96  10:36  Roach x3  
  104  10:52  Roach x6  
  114  11:18  Zerg Ground Armor Level 2  
  114  11:19  Zerg Missile Weapons Level 2  
  114  11:20  Glial Reconstitution  
  114  11:28  Infestation Pit  
  107  12:23  Hydralisk Den  
  107  12:26  Roach x8  
  122  12:31  Overlord x4  
  122  12:32  Overlord x2  
  122  12:51  Hive  
  122  12:53  Pneumatized Carapace  
  114  13:35  Zerg Melee Weapons Level 1  
  104  14:21  Roach  
  104  14:22  Roach x4, Hydralisk x10  
  104  14:23  Roach  
  104  14:24  Roach x18  
  172  15:04  Overseer  
Show
View Real Time Build Order
Export as new Build Order

Marc Protoss 

Build Orders: Double Forge 

Get SALT Encoding   

  12  0:01  Probe (Chrono Boost)  
  13  0:12  Probe (Chrono Boost)  
  14  0:20  Pylon  
  14  0:23  Probe (Chrono Boost)  
  15  0:38  Probe (Chrono Boost)  
  15  0:40  Gateway  
  16  0:49  Probe (Chrono Boost)  
  17  0:55  Assimilator  
  17  1:00  Probe (Chrono Boost)  
  18  1:05  Gateway  
  18  1:10  Probe (Chrono Boost)  
  19  1:21  Probe (Chrono Boost)  
  20  1:31  Probe (Chrono Boost)  
  21  1:34  Cybernetics Core  
  21  1:43  Pylon  
  21  1:49  Probe (Chrono Boost), Assimilator  
  22  1:57  Pylon  
  22  2:22  Stalker  
  22  2:23  Stalker  
  26  2:35  Nexus  
  26  2:37  Pylon  
  26  2:45  Pylon  
  26  2:53  Warp Gate (Chrono Boost)  
  26  2:55  Mothership Core (Chrono Boost)  
  28  3:14  Forge  
  28  3:16  Forge  
  28  3:22  Twilight Council  
  28  3:48  Gateway  
  28  3:51  Pylon  
  28  4:19  Stalker x2  
  32  4:36  Dark Shrine  
  32  4:39  Pylon  
  32  4:41  Pylon  
  32  4:42  Stargate  
  32  4:43  Stargate  
  32  5:03  Protoss Ground Weapons Level 1  
  32  5:15  Zealot x2  
  32  5:16  Zealot  
  32  5:46  Void Ray (Chrono Boost)  
  36  6:01  Void Ray (Chrono Boost)  
  40  6:12  Dark Templar  
  42  6:26  Zealot x2  
  46  6:47  Nexus  
  52  7:23  Void Ray (Chrono Boost)  
  52  7:28  Void Ray (Chrono Boost)  
  52  7:29  Zealot x3  
  58  7:43  Robotics Facility  
  58  7:59  Void Ray (Chrono Boost)  
  62  8:18  Assimilator  
  62  8:20  Assimilator, Pylon  
  62  8:22  Pylon  
  62  8:24  Pylon  
  62  8:27  Pylon  
  62  8:50  Void Ray (Chrono Boost)  
  66  8:56  Observer  
  59  9:17  Observer  
  60  9:35  Void Ray (Chrono Boost)  
  52  9:55  Dark Templar  
  50  10:00  Dark Templar  
  44  10:26  Dark Templar  
  46  10:29  Zealot  
  48  10:50  Gateway  
  48  10:55  Gateway  
  48  10:57  Gateway  
  48  11:01  Gateway  
  48  11:07  Protoss Ground Weapons Level 2  
  48  11:12  Zealot  
  50  11:33  Pylon  
  50  11:43  Pylon  
  50  11:45  Pylon  
  50  11:49  Nexus  
  44  12:15  Photon Cannon  
  44  12:17  Photon Cannon  
  44  12:18  Photon Cannon  
  44  12:20  Photon Cannon  
  44  12:21  Photon Cannon  
  44  12:25  Probe  
  45  12:36  Stalker  
  47  12:37  Probe  
  48  12:49  Probe  
  49  12:56  Void Ray (Chrono Boost)  
  53  13:01  Probe  
  52  13:13  Probe  
  37  13:23  Dark Templar  
  37  13:24  Dark Templar x2  
  39  13:30  Stalker  
  41  13:37  Mothership Core  
  35  13:47  Stalker  
  29  14:11  Dark Templar  
Tags
 
Add a new tag
Caveats
  • Supply blocks, unpowered buildings, or Contaminate may cause inaccurate times.
  • Supply counts are checked every 10 seconds.